 Dungeon Crawl Stone Soup version 0.31-a0-948-gf5be29c462 (webtiles) character file.

Game seed: 16528579924717067292

18747 LorgeJukas the Photosynthesist (level 12, -21/110 HPs)
             Began as a Hill Orc Monk on Oct 20, 2023.
             Was an Elder of Fedhas.
             Killed by an exploding ballistomycete spore (45 damage)
             ... set off by themself
             ... on level 11 of the Dungeon on Oct 21, 2023.
             The game lasted 01:19:51 (13755 turns).

LorgeJukas the Photosynthesist (Hill Orc Monk)     Turns: 13755, Time: 01:19:53

Health: -21/110    AC: 16    Str: 25    XL:     12   Next: 61%
Magic:  12/23      EV: 27    Int: 10    God:    Fedhas [****..]
Gold:   910        SH:  0    Dex: 18    Spells: 10/11 levels left

rFire   . . .        u - +4 hand axe of Mourning {holy, Dex+5}
rCold   . . .        d - orb {light}
rNeg    + . .        y - +4 ring mail {rN+}
rPois   .            b - +0 helmet
rElec   +            (no cloak)
rCorr   +            l - +3 pair of gauntlets of War {Slay+5}
SInv    .            (no boots)
Will    .....        v - amulet of the acrobat Stlth
                     j - +6 ring of strength
HPRegen 0.38/turn    a - ring of the Past {rElec rCorr}
MPRegen 0.18/turn

%: acrobat
@: confused, mighty, acrobatic, glowing
A: mutation resistance 1
a: Renounce Religion, Wall of Briars, Grow Ballistomycete, Overgrow


You were on level 11 of the Dungeon.
You worshipped Fedhas.
Fedhas was greatly pleased with you.
You visited 2 branches of the dungeon, and saw 13 of its levels.
You also visited: Bailey.

You collected 910 gold pieces.

Inventory:

Hand Weapons
 p - the +6 flail of Malaise {flame, rElec}
   (You found it on level 3 of the Dungeon)

   rElec:     It insulates you from electricity.
 u - the +4 hand axe of Mourning (weapon) {holy, Dex+5}
   (You found it on level 8 of the Dungeon)

   Dex+5:     It affects your dexterity (+5).
Missiles
 H - 2 throwing nets
Armour
 b - a +0 helmet (worn)
 c - a +3 leather armour
 d - an orb of light (worn)
 g - a +2 chain mail
 l - the +3 pair of gauntlets of War (worn) {Slay+5}
   (You acquired it on level 1 of the Lair of Beasts)

   Slay+5:    It affects your accuracy & damage with ranged weapons and melee
   (+5).
 o - an orb of energy
 y - a +4 ring mail of positive energy (worn)
Jewellery
 a - the ring of the Past (right hand) {rElec rCorr}
   (You acquired it on level 4 of the Dungeon)

   [ring of resist corrosion]

   rElec:     It insulates you from electricity.
   rCorr:     It protects you from acid and corrosion.
 j - a +6 ring of strength (left hand)
 v - an amulet of the acrobat (around neck)
 E - an amulet of reflection
 F - a +5 ring of evasion
Wands
 f - a wand of iceblast (7)
 k - a wand of digging (6)
 C - a wand of polymorph (9)
 G - a wand of charming (7)
Scrolls
 e - a scroll of revelation
 q - 8 scrolls of identify
 s - a scroll of fear
 t - 2 scrolls of blinking
 w - a scroll of enchant armour
 x - 4 scrolls of enchant weapon
 A - a scroll of vulnerability
Potions
 h - 2 potions of invisibility
 i - a potion of might
 m - 4 potions of enlightenment
 n - a potion of haste
 r - a potion of curing
 z - a potion of magic
 B - 2 potions of brilliance
 D - 3 potions of lignification


   Skills:
 + Level 11.6 Fighting
 + Level 8.1(12.1) Axes
 * Level 11.9(12.6) Maces & Flails
 + Level 9.0 Armour
 - Level 2.4 Dodging
 * Level 15.2 Invocations


You had 10 spell levels left.
You knew the following spells:

 Your Spells              Type           Power      Damage    Failure   Level
a - Foxfire               Conj/Fire      0%         2x1d4     47%         1

Your spell library contained the following spells:

 Spells                   Type           Power      Damage    Failure   Level
 Apportation              Tloc           0%         N/A       47%         1
 Ensorcelled Hibernation  Hex/Ice        0%         N/A       63%         2
 Jinxbite                 Hex            0%         N/A       63%         2
 Passwall                 Tmut/Erth      0%         N/A       63%         2
 Frozen Ramparts          Ice            0%         1d1       85%         3
 Ignite Poison            Fire/Tmut/Pois 0%         N/A       85%         3
 Stone Arrow              Conj/Erth      0%         3d7       85%         3
 Swiftness                Air            0%         N/A       85%         3
 Animate Armour           Summ/Erth      0%         N/A       99%         4
 Petrify                  Tmut/Erth      0%         N/A       99%         4
 Sticky Flame             Conj/Fire      0%         2d3       99%         4
 Summon Lightning Spire   Summ/Air       0%         N/A       99%         4
 Alistair's Intoxication  Tmut/Pois      0%         N/A       100%        5
 Lee's Rapid Deconstruct  Erth           0%         3d4*      100%        5
 Metabolic Englaciation   Hex/Ice        0%         N/A       100%        5
 Plasma Beam              Fire/Air       0%         2x1d10    100%        6
 Starburst                Conj/Fire      0%         6d3       100%        6
 Ignition                 Fire           0%         3d3       100%        8
 Lehudib's Crystal Spear  Conj/Erth      0%         10d2      100%        8


Dungeon Overview and Level Annotations

Branches:
Dungeon (11/15)            Temple (0/1) D:7            Lair (2/5) D:8
    Orc (0/2) D:11         Bailey (visited)
  Swamp: Lair:2-3    Shoals: Lair:2-3     Snake: Lair:2-3    Spider: Lair:2-3

Altars:
Ashenzari
Cheibriados
Dithmenos
Fedhas
Sif Muna
Uskayaw
Vehumet
Xom
Yredelemnul
The Shining One

Shops:
D:6 =


Innate Abilities, Weirdness & Mutations

You are somewhat resistant to further mutation.


Message History

The manticore bites you but does no damage.
The manticore barely misses you. The manticore closely misses you.
You bump into the rock wall.
The gnoll zombie hits your ballistomycete.
The manticore bites you but does no damage.
The manticore claws you. The manticore closely misses you.
You're too confused to move!
The manticore completely misses you. The manticore claws you.
The manticore claws you but does no damage.
A ballistomycete spore comes into view.
You walk carefully through the plants.
You feel less confused.
The gnoll zombie hits you but does no damage.
The manticore completely misses you.
The manticore claws you but does no damage.
The manticore completely misses you.
The gnoll zombie completely misses you. 2 ballistomycete spores come into view.
Unknown command.
Unknown command.
Your ballistomycete spore explodes!
Fedhas protects your plant from harm. The explosion of spores engulfs you!!
You are confused.
* * * LOW HITPOINT WARNING * * *
Fedhas protects your plant from harm. x2
The manticore appears confused.
The explosion of spores engulfs the manticore!!!
You kill the manticore!
Fedhas appreciates your contribution to the ecosystem.
The ogre zombie hits your briar patch. The gnoll zombie closely misses you.
Your Armour skill increases to level 9!
You slice your ballistomycete spore!! You slash the gnoll zombie!
You destroy the gnoll zombie!
Fedhas accepts your kill.
Your ballistomycete spore explodes!
Fedhas protects your plant from harm. x2
The explosion of spores engulfs you!!!
You are more confused.
You die...
Fedhas appreciates your contribution to the ecosystem.

................#
.......#...#....#
.~~...........#.###
..####.............
8. #............
#P.........#
#P#..*.†##.#
Z..#Z#.PPP.#
Z.......P...@.##.###
.Z......).PPP........
.>.$.8..####..##.#.##
........# #.... #
Z...†..## #.....#
Z....Z# #.......
...... ........#
........# .....##..


You could see an ogre zombie (ally target), 2 friendly ballistomycetes and a
friendly ballistomycete spore.

Vanquished Creatures
  An orc warlord (Bailey)
  Erolcha (D:9)
  A two-headed ogre (D:8)
  Lodul (D:10)
  Pikel (D:7)
  A manticore (D:11)
  A black mamba (Lair:1)
  A kobold demonologist (D:10)
  4 komodo dragons (Lair:1)
  A rime drake (Lair:1)
  2 trolls
  A tyrant leech (Lair:1)
  7 blink frogs (Lair:1)
  A hornet (D:7)
  3 shadows
  A vampire (D:10)
  2 wyverns
  A basilisk (Lair:1)
  13 yaks
  A steam dragon (D:8)
  2 vampire mosquitoes (D:11)
  A swamp worm (Lair:1)
  2 water moccasins
  5 orc warriors
  3 black bears
  5 sky beasts
  3 ice beasts
  7 ogres (D:10)
  3 wolves (Lair:1)
  A kobold brigand (D:9)
  3 bullfrogs
  A gnoll sergeant (D:4)
  2 scorpions (D:5)
  9 wights (D:8)
  A troll zombie (D:11)
  4 howler monkeys
  3 orc priests
  6 hounds
  3 gnoll boudas
  3 iguanas (D:5)
  5 orc wizards
  5 ogre zombies (D:11)
  3 adders
  34 gnolls
  2 white imps
  3 worms
  A dart slug (D:1)
  58 orcs
  7 bats
  12 endoplasms
  6 giant cockroaches
  4 gnoll zombies (D:11)
  12 goblins
  10 hobgoblins
  18 jackals
  6 quokkas
  11 ball pythons
  2 frilled lizards
  A gnoll skeleton (D:11)
  23 kobolds
  4 orc skeletons (D:11)
  13 orc zombies (D:11)
  6 rats
  3 ballistomycete spores
361 creatures vanquished.

Vanquished Creatures (collateral kills)
  A swamp worm (Lair:1)
  A phantom (D:11)
  Terence (D:2)
  An ogre zombie (D:11)
  A gnoll (D:4)
  5 orcs (D:4)
  2 goblins (D:7)
  2 hobgoblins (Bailey)
  A gnoll skeleton (D:11)
  A kobold (Bailey)
  2 orc zombies (D:11)
  46 ballistomycete spores
64 creatures vanquished.

Vanquished Creatures (others)
  A sleepcap (D:4)
  An orc (D:4)
  A ball python (D:4)
  3 foxfires (D:2)
6 creatures vanquished.

Grand Total: 431 creatures vanquished

Notes
Turn   | Place    | Note
-------+----------+-------------------------------------------
     0 | D:1      | LorgeJukas the Hill Orc Monk began the quest for the Orb.
     0 | D:1      | Reached XP level 1. HP: 19/19 MP: 1/1
    66 | D:1      | Reached skill level 1 in Invocations
    66 | D:1      | Reached XP level 2. HP: 18/27 MP: 2/2
   171 | D:1      | Learned a level 1 spell: Foxfire
   358 | D:1      | Reached XP level 3. HP: 30/33 MP: 4/4
   544 | D:1      | Upgraded the game from 0.31-a0-934-gf4fcaacff8 to
                  | 0.31-a0-948-gf5be29c462
   753 | D:1      | Found a faded altar of an unknown god.
   881 | D:1      | Reached skill level 2 in Invocations
   953 | D:1      | You fall into a shaft and drop 1 floor!
   954 | D:2      | Found a blossoming altar of Fedhas.
   977 | D:2      | Reached skill level 1 in Armour
  1002 | D:2      | Became a worshipper of Fedhas Madash
  1002 | D:2      | Reached * piety under Fedhas
  1002 | D:2      | Reached ** piety under Fedhas
  1613 | D:2      | Reached XP level 4. HP: 39/40 MP: 5/5
  1821 | D:2      | Noticed Terence
  1852 | D:2      | Killed Terence
  1853 | D:2      | Reached skill level 5 in Axes
  2153 | D:3      | Reached skill level 3 in Invocations
  2319 | D:3      | Identified the +6 flail of Malaise {flame, rElec}
  2371 | D:3      | Reached XP level 5. HP: 47/47 MP: 7/7
  2565 | D:3      | Reached *** piety under Fedhas
  2868 | D:3      | Found a radiant altar of Vehumet.
  2956 | D:4      | Reached skill level 1 in Maces & Flails
  3263 | D:4      | Identified a scroll of acquirement
  3263 | D:4      | Acquired the ring of the Past {rElec rCorr}
  3338 | D:4      | Reached skill level 4 in Invocations
  3338 | D:4      | Reached XP level 6. HP: 53/53 MP: 7/9
  3722 | D:4      | Reached **** piety under Fedhas
  3886 | D:4      | Reached skill level 5 in Fighting
  4007 | D:4      | Reached skill level 5 in Invocations
  4007 | D:4      | Reached XP level 7. HP: 46/61 MP: 10/10
  4660 | D:4      | Found a shimmering blue altar of Sif Muna.
  4745 | D:4      | Found a snail-covered altar of Cheibriados.
  5093 | D:4      | Found a hide-covered altar of Uskayaw.
  5246 | D:5      | Entered Level 5 of the Dungeon
  5394 | D:5      | Reached skill level 6 in Invocations
  5572 | D:5      | Reached XP level 8. HP: 66/69 MP: 12/12
  5745 | D:5      | Reached skill level 5 in Maces & Flails
  5802 | D:5      | Reached ***** piety under Fedhas
  5805 | D:5      | Reached skill level 7 in Invocations
  6443 | D:6      | Gained mutation: You are somewhat resistant to further
                  | mutation. [potion of mutation]
  6476 | D:6      | Found Jomucuc's Jewellery Boutique.
  6485 | D:6      | Reached skill level 8 in Invocations
  6641 | D:6      | Found a basalt altar of Yredelemnul.
  6684 | D:7      | Found a flagged portal.
  6748 | D:7      | Noticed a hornet
  6762 | D:7      | Paralysed by a hornet for 2 turns
  6766 | D:7      | Killed a hornet
  6767 | D:7      | Reached XP level 9. HP: 26/78 MP: 15/15
  6885 | Bailey   | Entered a bailey
  6892 | Bailey   | Noticed an orc warlord
  7108 | Bailey   | Found a runed translucent gate.
  7110 | Bailey   | Found a runed translucent gate.
  7111 | Bailey   | Found a runed translucent gate.
  7132 | Bailey   | Reached skill level 5 in Armour
  7132 | Bailey   | Reached skill level 9 in Invocations
  7267 | Bailey   | Killed an orc warlord
  7388 | Bailey   | Reached skill level 10 in Fighting
  7388 | Bailey   | Reached skill level 12 in Invocations
  7388 | Bailey   | Reached XP level 10. HP: 93/93 MP: 16/19
  7448 | D:7      | Noticed Pikel
  7459 | D:7      | Killed Pikel
  7827 | D:7      | Found a staircase to the Ecumenical Temple.
  7898 | D:7      | Found a large runed translucent door.
  7898 | D:7      | Found a large runed translucent door.
  7907 | D:7      | Reached XP level 11. HP: 95/99 MP: 20/20
  8145 | D:7      | Found a glowing golden altar of the Shining One.
  8148 | D:7      | Found a shadowy altar of Dithmenos.
  8204 | D:8      | Noticed a two-headed ogre
  8220 | D:8      | Killed a two-headed ogre
  8359 | D:8      | Found a broken altar of Ashenzari.
  8365 | D:8      | Identified the +1 ring mail "Denia" {Int+2 Stlth+}
  8650 | D:8      | Found a staircase to the Lair.
  8731 | D:8      | Found a shimmering altar of Xom.
  8772 | D:8      | Identified the +4 quarterstaff of Callousness {antimagic,
                  | rElec}
  8775 | D:8      | Identified the +4 hand axe of Mourning {holy, Dex+5}
  8794 | D:8      | Reached skill level 13 in Invocations
  8975 | Lair:1   | Entered Level 1 of the Lair of Beasts
  9009 | Lair:1   | Reached skill level 10 in Maces & Flails
  9531 | Lair:1   | HP: 3/101 [blink frog (14)]
  9861 | Lair:1   | Acquired the +3 pair of gauntlets of War {Slay+5}
  9861 | Lair:1   | Found the +3 pair of gauntlets of War {Slay+5}
 10163 | Lair:1   | Reached skill level 14 in Invocations
 10866 | Lair:1   | Reached XP level 12. HP: 109/110 MP: 22/22
 11268 | Lair:2   | Noticed a death yak
 11268 | Lair:2   | Noticed a death yak
 11268 | Lair:2   | Noticed a death yak
 11514 | D:9      | Identified the +7 quarterstaff of Ixtaoty {freeze, +Blink
                  | rN++ SInv Stlth-}
 12166 | D:9      | Noticed Erolcha
 12171 | D:9      | Killed Erolcha
 12431 | D:10     | Entered Level 10 of the Dungeon
 13009 | D:10     | Noticed Lodul
 13291 | D:10     | Killed Lodul
 13493 | D:11     | Reached skill level 15 in Invocations
 13688 | D:11     | Found a staircase to the Orcish Mines.
 13755 | D:11     | Killed by an exploding ballistomycete spore... set off by
                  | themself

Illustrated notes

Levels and vault maps discovered:
D:1:      lightli_arrival_isolated_outpost, layout_loops_cross,
          hellmonk_ecumenical_altar_leap_of_faith, minmay_heptomino_w4
D:2:      layout_loops_ring, basic_altar, grunt_ministairs_12, uniq_terence
D:3:      kennysheep_six_static_rooms, layout_basic,
          nicolae_vehumet_altar_sigil, nrook_loot_triangle
D:4:      lemuel_castle_with_subvaults [lemuel_castle_interior_carwin_1],
          layout_basic, overflow_temple_1_default, lemuel_round_altar,
          cheibrodos_worm_habitat
D:5:      layout_loops_cross, hangedman_minor_gate_pass
D:6:      layout_gridville, mainiacjoe_overflow_alcove_1, serial_shops, shop
D:7:      layout_basic, jmf_multi_god_temple2, minmay_temple_entry_glassed_door,
          enter_bailey_5, uniq_pikel
D:8:      hellmonk_destroyed_diamonds, layout_rooms, grunt_temple_overflow_open,
          lair_entry_dummy
D:9:      layout_basic, uniq_erolcha
D:10:     layout_basic, uniq_lodul
D:11:     layout_basic, zombieorc2_lemuel, serial_park_tiny_pond
Lair:1:   layout_cellular_growth, worms_lemuel
Lair:2:   layout_regular_city, nicolae_spider_entry_orb_guardian,
          enter_volcano_3, basic_altar, lemuel_fruit_fields

Skill      XL: |  1  2  3  4  5  6  7  8  9 10 11 12 |
---------------+-------------------------------------+-----
Invocations    | 1 2 3 4 5 6 8 12 14 15 | 15.2
Fighting       | 4 5 6 10 11 | 11.6
Armour         | 1 2 3 4 7 8 9 |  9.0
Axes           | 5 7 8 |  8.1
Maces & Flails | 1 3 4 6 9 11 | 11.9
Dodging        | |  2.4

Action                     |  1- 3 |  4- 6 |  7- 9 | 10-12 || total
---------------------------+-------+-------+-------+-------++-------
  Melee: Hand axe          |   132 |    53 |       |    17 ||   202
         Flail             |       |   100 |   191 |   267 ||   558
   Cast: Foxfire           |       |     2 |       |       ||     2
 Invoke: Wall of Briars    |       |     1 |     7 |     7 ||    15
         Grow Ballistomyce |       |       |     6 |     7 ||    13
         Overgrow          |       |       |       |     1 ||     1
    Use: Potion            |     9 |     3 |    10 |     5 ||    27
         Scroll            |     4 |     2 |     7 |     4 ||    17
 Armour: Robe              |    26 |       |       |       ||    26
         Leather armour    |    37 |    26 |       |       ||    63
         Chain mail        |    14 |    90 |   223 |       ||   327
         Skin              |     2 |       |       |       ||     2
         Ring mail         |       |       |       |   232 ||   232
  Dodge: Dodged            |    92 |    80 |   121 |   203 ||   496

Table legend: (Time is in decaauts)
 A = Elapsed time spent in this place.
 B = Non-inter-level travel time spent in this place.
 C = Inter-level travel time spent in this place.
 D = Time resting spent in this place.
 E = Time spent auto-exploring this place.
 F = Levels seen in this place.
 G = Mean time per level.
                   A        B        C        D        E       F      G
               +--------+--------+--------+--------+--------+-----+--------+
         Total |  13763 |  13760 |      3 |   3835 |   5050 |  14 |  983.1 |
       Dungeon |  11016 |  11013 |      3 |   2370 |   4616 |  11 | 1001.5 |
          Lair |   2234 |   2234 |      0 |   1231 |    434 |   2 | 1117.0 |
        Bailey |    513 |    513 |      0 |    234 |      0 |   1 |  513.0 |
               +--------+--------+--------+--------+--------+-----+--------+

Top non-repeatable levels by time:
     D:4: 2360 daAuts
  Lair:1: 2232 daAuts
     D:9: 1331 daAuts
     D:2: 1138 daAuts
     D:7: 1012 daAuts
     D:1: 961 daAuts
     D:8: 857 daAuts
     D:3: 823 daAuts
    D:10: 815 daAuts
     D:5: 786 daAuts
     D:6: 663 daAuts
  Bailey: 513 daAuts
    D:11: 265 daAuts
  Lair:2: 1 daAuts
